 Dungeon Crawl Stone Soup version 0.31-a0-507-gbafd7f5274 (console) character file.

Game seed: 2315502325737875856

280 jejorda2 the Chopper (level 6, -1/53 HPs)
             Began as a Gnoll Berserker on Aug 9, 2023.
             Was a Believer of Trog.
             Slain by an orc
             ... wielding a +0 mace
              (3 damage)
             ... on level 3 of the Dungeon.
             The game lasted 00:04:34 (1781 turns).

jejorda2 the Chopper (Gnoll Berserker)              Turns: 1781, Time: 00:04:35

Health: -1/53      AC:  6    Str: 16 (19) XL:     6   Next: 27%
Magic:  8/8        EV: 12    Int:  5 (6)  God:    Trog [**....]
Gold:   85         SH:  0    Dex:  9 (11) Spells: 8/8 levels left

rFire   . . .        a - +0 hand axe
rCold   . . .        (no shield)
rNeg    . . .        m - +0 ring mail
rPois   .            (no helmet)
rElec   .            (no cloak)
rCorr   .            (no gloves)
SInv    .            (no boots)
Will    +....        (no amulet)
Stlth   +            n - ring of flight
HPRegen 0.28/turn    (no ring)
MPRegen 0.11/turn

%: no passive effects
@: on berserk cooldown, attractive, enlightened, flying, slowed, very slow
A: fangs 1, strong nose, distributed training
a: Renounce Religion, Berserk, Trog's Hand


You were on level 3 of the Dungeon.
You worshipped Trog.
Trog was pleased with you.
You visited 1 branch of the dungeon, and saw 4 of its levels.

You collected 85 gold pieces.

Inventory:

Hand Weapons
 a - a +0 hand axe (weapon)
Missiles
 o - 7 poisoned darts
Armour
 b - a +0 animal skin
 m - a +0 ring mail (worn)
Jewellery
 n - a ring of flight (left hand)
Scrolls
 d - 2 scrolls of identify {unknown}
 e - 3 scrolls of amnesia {unknown}
 h - a scroll of noise {unknown}
 j - 2 scrolls of fear {unknown}
 l - a scroll of summoning {unknown}
 p - a scroll of immolation {unknown}
 r - a scroll of torment {unknown}
 t - 2 scrolls of teleportation {unknown}
Potions
 f - a potion of invisibility {unknown}
 g - 2 potions of cancellation {unknown}
 i - 2 potions of attraction
 k - a potion of heal wounds {unknown}
 q - a potion of degeneration
 s - a potion of curing {unknown}


   Skills:
 + Level 6.8 Fighting
 + Level 1.9 Short Blades
 + Level 1.9 Long Blades
 + Level 6.8 Axes
 + Level 1.9 Maces & Flails
 + Level 1.9 Polearms
 + Level 1.9 Staves
 + Level 1.9 Ranged Weapons
 + Level 1.9 Throwing
 + Level 5.0 Armour
 + Level 5.0 Dodging
 + Level 1.9 Stealth
 + Level 1.9 Shields
 + Level 1.9 Unarmed Combat
 + Level 1.9 Spellcasting
 + Level 1.5 Conjurations
 + Level 1.5 Hexes
 + Level 1.5 Summonings
 + Level 1.5 Necromancy
 + Level 1.5 Translocations
 + Level 1.5 Transmutations
 + Level 1.5 Fire Magic
 + Level 1.5 Ice Magic
 + Level 1.5 Air Magic
 + Level 1.5 Earth Magic
 + Level 1.5 Poison Magic
 + Level 2.1 Invocations
 + Level 1.9 Evocations
 + Level 1.5 Shapeshifting


You had 8 spell levels left.
You didn't know any spells.
Your spell library was empty.

Dungeon Overview and Level Annotations

Branches:
Dungeon (4/15)
 Temple: D:4-7

Altars:
Gozag


Innate Abilities, Weirdness & Mutations

You have very sharp teeth.
Your uncanny sense of smell can sniff out nearby items.
Your experience applies equally to all skills.


Message History

The orc priest is lightly wounded.
You closely miss the howler monkey. The howler monkey barely misses you.
The orc priest hits you with a +3 flail!
The howler monkey closely misses you. The orc priest closely misses you.
The orc hits you with a +0 mace.
You closely miss the orc priest.
The orc priest is lightly wounded.
You hit the orc but do no damage. You hit the howler monkey.
The howler monkey hoots and howls with incredible vigour!
The orc hits you with a +0 mace.
The orc priest calls down the wrath of Beogh upon you.
Beogh smites you!
It was a potion of enlightenment.
You feel more buoyant.
Your skin stops crawling.
You feel less strong-willed. The howler monkey barely misses you.
The orc barely misses you.
The orc priest calls down the wrath of Beogh upon you.
Beogh smites you!
* * * LOW HITPOINT WARNING * * *
The howler monkey hits you but does no damage.
You hit the howler monkey.
The howler monkey is heavily wounded.
You hit the orc. You hit the orc priest.
The orc priest hits you with a +3 flail!
* * * LOW HITPOINT WARNING * * *
The orc barely misses you. The howler monkey closely misses you.
The orc priest hits you with a +3 flail.
* * * LOW HITPOINT WARNING * * *
The orc hits you but does no damage. The howler monkey misses you.
Unknown command.
Unknown command.
It was a potion of attraction.
You feel attractive to monsters. The howler monkey closely misses you.
The orc barely misses you.
The orc priest calls upon Beogh to heal the orc.
The orc's wounds heal themselves!
The howler monkey barely misses you.
It was a potion of degeneration.
There was something very wrong with that liquid.
You feel weakened.
You feel dopey.
You feel clumsy. The orc hits you with a +0 mace.
You die...

#....#.#
.......##
#..#....
......#
#.....#
#S....+
#oh...#
#@o...#
#.)...#
#%....#
####.....##
#.........#
#.........##
#...........
#............
#............


You could see a howler monkey, an orc priest, an adder and an orc.

Vanquished Creatures
  A black bear (D:3)
  A scorpion (D:4)
  A jelly (D:4)
  An orc wizard (D:3)
  2 adders (D:2)
  A worm (D:2)
  A dart slug (D:1)
  2 orcs (D:3)
  3 endoplasms
  4 giant cockroaches
  2 goblins (D:1)
  4 hobgoblins
  8 kobolds
  4 quokkas (D:1)
  4 ball pythons
  4 bats
  3 frilled lizards
  8 rats
54 creatures vanquished.

Notes
Turn   | Place    | Note
-------+----------+-------------------------------------------
     0 | D:1      | jejorda2 the Gnoll Berserker began the quest for the Orb.
     0 | D:1      | Reached XP level 1. HP: 23/23 MP: 1/1
   146 | D:1      | Reached XP level 2. HP: 25/29 MP: 2/2
   346 | D:1      | Reached XP level 3. HP: 35/35 MP: 3/3
   780 | D:2      | Reached skill level 1 in Invocations
   849 | D:2      | Reached ** piety under Trog
   977 | D:2      | You are sucked into a shaft and drop 2 floors!
   992 | D:4      | Reached skill level 1 in Short Blades
   992 | D:4      | Reached skill level 1 in Long Blades
   992 | D:4      | Reached skill level 1 in Maces & Flails
   992 | D:4      | Reached skill level 1 in Polearms
   992 | D:4      | Reached skill level 1 in Staves
   992 | D:4      | Reached skill level 1 in Ranged Weapons
   992 | D:4      | Reached skill level 1 in Throwing
   992 | D:4      | Reached skill level 1 in Stealth
   992 | D:4      | Reached skill level 1 in Shields
   992 | D:4      | Reached skill level 1 in Unarmed Combat
   992 | D:4      | Reached skill level 1 in Spellcasting
   992 | D:4      | Reached skill level 1 in Evocations
  1015 | D:4      | Noticed a scorpion
  1025 | D:4      | Killed a scorpion
  1026 | D:4      | Reached skill level 1 in Conjurations
  1026 | D:4      | Reached skill level 1 in Hexes
  1026 | D:4      | Reached skill level 1 in Summonings
  1026 | D:4      | Reached skill level 1 in Necromancy
  1026 | D:4      | Reached skill level 1 in Translocations
  1026 | D:4      | Reached skill level 1 in Transmutations
  1026 | D:4      | Reached skill level 1 in Fire Magic
  1026 | D:4      | Reached skill level 1 in Ice Magic
  1026 | D:4      | Reached skill level 1 in Air Magic
  1026 | D:4      | Reached skill level 1 in Earth Magic
  1026 | D:4      | Reached skill level 1 in Poison Magic
  1026 | D:4      | Reached skill level 1 in Shapeshifting
  1026 | D:4      | Reached XP level 4. HP: 41/41 MP: 5/5
  1119 | D:4      | Reached XP level 5. HP: 47/47 MP: 5/7
  1212 | D:3      | Found an opulent altar of Gozag.
  1762 | D:3      | Noticed a black bear
  1771 | D:3      | Killed a black bear
  1772 | D:3      | Reached skill level 5 in Armour
  1772 | D:3      | Reached skill level 5 in Dodging
  1772 | D:3      | Reached XP level 6. HP: 53/53 MP: 8/8
  1779 | D:3      | HP: 1/53 [orc priest/+3 flail (4)]
  1781 | D:3      | Slain by an orc

Illustrated notes

Levels and vault maps discovered:
D:1:      scummos_arrival_hexagon, layout_rooms, minmay_ruptured
D:2:      layout_basic
D:3:      layout_basic, amcnicky_altar_gilded, uniq_grinder
D:4:      layout_gridville, kennysheep_nub

Skill      XL: |  1  2  3  4  5 |
---------------+----------------+-----
Invocations    | 1 2 |  2.1
Short Blades   | 1 |  1.9
Long Blades    | 1 |  1.9
Maces & Flails | 1 |  1.9
Polearms       | 1 |  1.9
Staves         | 1 |  1.9
Ranged Weapons | 1 |  1.9
Throwing       | 1 |  1.9
Stealth        | 1 |  1.9
Shields        | 1 |  1.9
Unarmed Combat | 1 |  1.9
Spellcasting   | 1 |  1.9
Evocations     | 1 |  1.9
Conjurations   | 1 |  1.5
Hexes          | 1 |  1.5
Summonings     | 1 |  1.5
Necromancy     | 1 |  1.5
Translocations | 1 |  1.5
Transmutations | 1 |  1.5
Fire Magic     | 1 |  1.5
Ice Magic      | 1 |  1.5
Air Magic      | 1 |  1.5
Earth Magic    | 1 |  1.5
Poison Magic   | 1 |  1.5
Shapeshifting  | 1 |  1.5
Armour         | 5 |  5.0
Dodging        | 5 |  5.0
Fighting       | |  6.8
Axes           | |  6.8

Action                     |  1- 3 |  4- 6 || total
---------------------------+-------+-------++-------
  Melee: Hand axe          |   114 |    46 ||   160
         Bite              |     6 |     4 ||    10
 Invoke: Berserk           |     2 |     2 ||     4
         Trog's Hand       |       |     1 ||     1
    Use: Potion            |       |     3 ||     3
 Armour: Animal skin       |    11 |       ||    11
         Ring mail         |    13 |    14 ||    27
  Dodge: Dodged            |    67 |    37 ||   104

Table legend: (Time is in decaauts)
 A = Elapsed time spent in this place.
 B = Non-inter-level travel time spent in this place.
 C = Inter-level travel time spent in this place.
 D = Time resting spent in this place.
 E = Time spent auto-exploring this place.
 F = Levels seen in this place.
 G = Mean time per level.
                   A        B        C        D        E       F      G
               +--------+--------+--------+--------+--------+-----+--------+
         Total |   1797 |   1726 |     71 |    140 |   1199 |   4 |  449.2 |
       Dungeon |   1797 |   1726 |     71 |    140 |   1199 |   4 |  449.2 |
               +--------+--------+--------+--------+--------+-----+--------+

Top non-repeatable levels by time:
     D:2: 869 daAuts
     D:1: 621 daAuts
     D:4: 249 daAuts
     D:3: 56 daAuts
